[ AOE2 MATCH · #507810721 ]
UnrankedJapanese vs Mongols
Player's team · WIN
Rival team · LOSS
[ REPLAY ANALYSIS · EXTRACTED FROM THE RECORDED GAME ]
Feudal
10:17
Castle
21:43
Imperial
41:01
| APM avg | 50.5 |
| APM peak | 110 |
| eAPM avg | 23.9 |
| Villagers / military | 108 / 118 |
Focus
⚔️ 47.0% · 🌾 53.0%
Archer ×82 · Samurai ×16 · Mangonel ×10 · Militia ×4 · Spearman ×4 · Scorpion ×1
Feudal
8:27
Castle
23:42
Imperial
—
| APM avg | 64.5 |
| APM peak | 107 |
| eAPM avg | 23.2 |
| Villagers / military | 110 / 67 |
Focus
⚔️ 31.2% · 🌾 68.8%
Skirmisher ×38 · Mangudai ×10 · Mangonel ×9 · Scout Cavalry ×6 · Archer ×4
Match map
Initial resources + every placement click. Lines = walls · curves = elevation contours. ◆ gold · ⬟ stone · ● berries · ✦ relic · ◌ wall gap
Your base· Open — 3t gap
AoE2 ANGEL's base· Open — 6t gap
Smoothed initial terrain · ◌ = detected wall gap · hover for details
Inputs per minute
— VkA | Nosferatu Zodd - - AoE2 ANGEL
Build order — VkA | Nosferatu Zodd
First 150 of 385 actions detected
| 0:00 | Queue | Villager (Male) |
| 0:00 | Queue | Villager (Male) |
| 0:00 | Queue | Villager (Male) |
| 0:00 | Queue | Villager (Male) |
| 0:02 | Build | House |
| 0:03 | Build | House |
| 1:23 | Queue | Villager (Male) |
| 1:56 | Build | Lumber Camp |
| 2:04 | Queue | Villager (Male) |
| 2:04 | Queue | Villager (Male) |
| 2:17 | Queue | Villager (Male) |
| 2:17 | Queue | Villager (Male) |
| 2:48 | Queue | Villager (Male) |
| 2:59 | Queue | Villager (Male) |
| 2:59 | Queue | Villager (Male) |
| 3:36 | Queue | Villager (Male) |
| 3:37 | Queue | Villager (Male) |
| 3:49 | Build | House |
| 3:51 | Build | House |
| 3:55 | Queue | Villager (Male) |
| 3:56 | Queue | Villager (Male) |
| 4:29 | Build | Palisade Wall |
| 4:33 | Queue | Villager (Male) |
| 4:33 | Queue | Villager (Male) |
| 4:34 | Queue | Villager (Male) |
| 5:19 | Queue | Villager (Male) |
| 5:19 | Queue | Villager (Male) |
| 5:20 | Queue | Villager (Male) |
| 5:22 | Build | Barracks |
| 5:39 | Research | Loom |
| 5:51 | Build | House |
| 6:19 | Queue | Militia |
| 6:35 | Build | Palisade Wall |
| 6:38 | Build | Palisade Wall |
| 6:45 | Queue | Militia |
| 6:45 | Queue | Militia |
| 6:46 | Queue | Militia |
| 6:51 | Queue | Villager (Male) |
| 7:17 | Build | Mill |
| 7:22 | Research | Loom |
| 8:07 | Research | Feudal Age |
| 9:00 | Build | Farm |
| 9:02 | Build | Farm |
| 10:17 | Age | Feudal Age |
| 10:22 | Research | Man-at-Arms (upgrade) |
| 10:25 | Queue | Villager (Male) |
| 10:27 | Build | Archery Range |
| 10:29 | Build | Mining Camp |
| 10:30 | Queue | Villager (Male) |
| 10:33 | Build | Blacksmith |
| 10:39 | Queue | Spearman |
| 11:14 | Queue | Villager (Male) |
| 11:15 | Queue | Villager (Male) |
| 11:17 | Build | House |
| 11:35 | Queue | Spearman |
| 11:42 | Build | House |
| 11:44 | Queue | Archer |
| 11:44 | Queue | Archer |
| 11:48 | Build | Farm |
| 12:14 | Queue | Villager (Male) |
| 12:16 | Build | House |
| 12:17 | Queue | Villager (Male) |
| 12:21 | Research | Double-Bit Axe |
| 12:31 | Queue | Archer |
| 12:50 | Queue | Spearman |
| 12:53 | Build | Palisade Wall |
| 12:55 | Build | House |
| 13:06 | Queue | Archer |
| 13:07 | Queue | Villager (Male) |
| 13:11 | Build | Palisade Wall |
| 13:13 | Build | Palisade Wall |
| 13:14 | Build | Palisade Wall |
| 13:14 | Build | Palisade Wall |
| 13:19 | Build | Farm |
| 13:21 | Queue | Villager (Male) |
| 13:31 | Queue | Archer |
| 13:48 | Build | Farm |
| 13:52 | Build | Farm |
| 13:53 | Build | Farm |
| 13:54 | Build | Farm |
| 13:56 | Queue | Villager (Male) |
| 14:01 | Build | Farm |
| 14:28 | Research | Fletching |
| 14:31 | Build | Farm |
| 14:32 | Build | Farm |
| 14:33 | Build | Farm |
| 14:34 | Queue | Villager (Male) |
| 14:34 | Queue | Villager (Male) |
| 15:12 | Queue | Villager (Male) |
| 15:18 | Build | Palisade Gate |
| 15:28 | Build | Palisade Wall |
| 15:34 | Build | Farm |
| 15:34 | Build | Farm |
| 15:37 | Queue | Villager (Male) |
| 15:37 | Queue | Villager (Male) |
| 15:43 | Build | Farm |
| 15:44 | Build | Farm |
| 15:44 | Queue | Villager (Male) |
| 15:51 | Queue | Archer |
| 15:51 | Queue | Archer |
| 15:51 | Queue | Archer |
| 15:59 | Build | Farm |
| 16:28 | Queue | Villager (Male) |
| 16:29 | Queue | Archer |
| 16:29 | Queue | Archer |
| 17:40 | Queue | Villager (Male) |
| 17:43 | Build | House |
| 17:44 | Build | House |
| 18:03 | Build | Farm |
| 18:04 | Build | Farm |
| 18:30 | Queue | Villager (Male) |
| 19:03 | Research | Castle Age |
| 19:08 | Build | Archery Range |
| 19:09 | Build | Archery Range |
| 19:19 | Build | Palisade Wall |
| 19:21 | Build | Palisade Wall |
| 19:21 | Build | Palisade Wall |
| 19:22 | Build | Palisade Wall |
| 19:23 | Build | Palisade Wall |
| 19:23 | Build | Palisade Wall |
| 19:31 | Build | Palisade Wall |
| 19:41 | Research | Padded Archer Armor |
| 19:51 | Build | Palisade Wall |
| 19:52 | Build | Palisade Wall |
| 19:54 | Build | Palisade Wall |
| 19:56 | Build | Palisade Wall |
| 19:58 | Build | Palisade Wall |
| 19:59 | Build | Palisade Wall |
| 20:00 | Build | Palisade Wall |
| 20:07 | Queue | Spearman |
| 20:23 | Queue | Archer |
| 20:23 | Queue | Archer |
| 20:23 | Queue | Archer |
| 20:23 | Queue | Archer |
| 20:43 | Queue | Villager (Male) |
| 21:14 | Queue | Villager (Male) |
| 21:15 | Research | Gold Mining |
| 21:43 | Age | Castle Age |
| 21:45 | Research | Crossbowman (upgrade) |
| 21:49 | Research | Bodkin Arrow |
| 21:52 | Queue | Villager (Male) |
| 22:04 | Queue | Archer |
| 22:04 | Queue | Archer |
| 22:38 | Build | Town Center |
| 22:56 | Build | Town Center |
| 22:57 | Research | Crossbowman (upgrade) |
| 22:59 | Queue | Archer |
| 22:59 | Queue | Archer |
| 23:08 | Build | Palisade Wall |
| 23:08 | Queue | Villager (Male) |
Build order — AoE2 ANGEL
First 150 of 318 actions detected
| 0:01 | Queue | Villager (Male) |
| 0:02 | Build | House |
| 0:03 | Build | House |
| 0:17 | Queue | Villager (Male) |
| 0:17 | Queue | Villager (Male) |
| 0:17 | Queue | Villager (Male) |
| 1:25 | Queue | Villager (Male) |
| 1:25 | Queue | Villager (Male) |
| 2:00 | Queue | Villager (Male) |
| 2:00 | Queue | Villager (Male) |
| 2:20 | Queue | Villager (Male) |
| 2:21 | Queue | Villager (Male) |
| 2:38 | Build | Lumber Camp |
| 2:52 | Queue | Villager (Male) |
| 2:52 | Queue | Villager (Male) |
| 2:53 | Queue | Villager (Male) |
| 3:30 | Queue | Villager (Male) |
| 3:30 | Queue | Villager (Male) |
| 3:31 | Queue | Villager (Male) |
| 3:32 | Queue | Villager (Male) |
| 3:55 | Queue | Villager (Male) |
| 3:57 | Build | House |
| 5:02 | Queue | Villager (Male) |
| 5:03 | Queue | Villager (Male) |
| 5:10 | Queue | Villager (Male) |
| 5:19 | Build | Mill |
| 5:52 | Queue | Villager (Male) |
| 6:13 | Research | Feudal Age |
| 7:13 | Research | Loom |
| 7:22 | Build | House |
| 7:59 | Build | Barracks |
| 8:05 | Build | Palisade Wall |
| 8:16 | Build | Palisade Gate |
| 8:20 | Queue | Villager (Male) |
| 8:27 | Age | Feudal Age |
| 8:38 | Queue | Villager (Male) |
| 8:49 | Build | Stable |
| 9:00 | Build | House |
| 9:27 | Queue | Villager (Male) |
| 9:41 | Build | Mill |
| 9:47 | Queue | Villager (Male) |
| 9:48 | Queue | Scout Cavalry |
| 10:01 | Queue | Scout Cavalry |
| 10:22 | Queue | Scout Cavalry |
| 10:26 | Queue | Villager (Male) |
| 10:30 | Build | Farm |
| 10:31 | Build | Farm |
| 10:33 | Build | Farm |
| 10:34 | Build | Farm |
| 10:45 | Build | Palisade Wall |
| 10:49 | Queue | Scout Cavalry |
| 10:49 | Queue | Villager (Male) |
| 10:56 | Queue | Villager (Male) |
| 11:00 | Queue | Villager (Male) |
| 11:12 | Build | Farm |
| 11:20 | Build | House |
| 11:23 | Research | Town Watch |
| 11:37 | Build | House |
| 11:47 | Queue | Villager (Male) |
| 11:53 | Build | Archery Range |
| 11:55 | Queue | Villager (Male) |
| 12:26 | Build | Palisade Wall |
| 12:27 | Queue | Villager (Male) |
| 12:30 | Queue | Villager (Male) |
| 12:41 | Queue | Scout Cavalry |
| 12:41 | Queue | Scout Cavalry |
| 12:48 | Queue | Archer |
| 13:03 | Queue | Villager (Male) |
| 13:12 | Build | Farm |
| 13:30 | Queue | Villager (Male) |
| 14:07 | Queue | Skirmisher |
| 14:30 | Build | Watch Tower |
| 14:38 | Queue | Skirmisher |
| 14:51 | Build | Farm |
| 14:53 | Build | Farm |
| 15:03 | Build | House |
| 15:08 | Build | House |
| 15:11 | Build | House |
| 15:27 | Build | Farm |
| 15:29 | Build | House |
| 15:47 | Build | Farm |
| 15:47 | Build | Farm |
| 15:47 | Build | Farm |
| 15:48 | Build | Farm |
| 15:48 | Build | Farm |
| 15:52 | Queue | Skirmisher |
| 15:58 | Build | House |
| 16:05 | Queue | Skirmisher |
| 16:06 | Queue | Villager (Male) |
| 16:06 | Queue | Villager (Male) |
| 16:06 | Queue | Villager (Male) |
| 16:07 | Queue | Villager (Male) |
| 16:09 | Build | Farm |
| 16:36 | Queue | Villager (Male) |
| 16:45 | Build | House |
| 16:52 | Queue | Villager (Male) |
| 16:53 | Queue | Villager (Male) |
| 16:53 | Queue | Villager (Male) |
| 17:00 | Queue | Skirmisher |
| 17:22 | Queue | Villager (Male) |
| 17:27 | Build | Blacksmith |
| 17:53 | Queue | Skirmisher |
| 18:07 | Build | House |
| 18:09 | Build | House |
| 18:33 | Research | Padded Archer Armor |
| 18:44 | Build | Mining Camp |
| 18:51 | Queue | Villager (Male) |
| 18:51 | Queue | Villager (Male) |
| 19:03 | Queue | Villager (Male) |
| 19:18 | Build | House |
| 19:25 | Build | Farm |
| 19:31 | Build | House |
| 19:47 | Build | House |
| 20:07 | Queue | Villager (Male) |
| 20:17 | Queue | Villager (Male) |
| 20:45 | Research | Castle Age |
| 21:02 | Research | Castle Age |
| 21:09 | Research | Fletching |
| 21:21 | Build | Farm |
| 21:21 | Build | Farm |
| 21:22 | Build | Farm |
| 21:25 | Build | House |
| 21:27 | Research | Scale Mail Armor |
| 21:27 | Research | Scale Mail Armor |
| 21:50 | Queue | Skirmisher |
| 21:50 | Queue | Villager (Male) |
| 22:12 | Build | Farm |
| 22:34 | Build | Farm |
| 22:37 | Build | Palisade Wall |
| 22:48 | Build | House |
| 22:55 | Build | House |
| 22:59 | Build | House |
| 23:08 | Build | Stone Wall |
| 23:09 | Build | Stone Wall |
| 23:15 | Build | Farm |
| 23:15 | Build | Farm |
| 23:32 | Build | Palisade Gate |
| 23:37 | Build | Palisade Wall |
| 23:39 | Build | Palisade Wall |
| 23:41 | Build | Palisade Wall |
| 23:42 | Age | Castle Age |
| 23:48 | Research | Bodkin Arrow |
| 23:51 | Queue | Villager (Male) |
| 24:03 | Queue | Villager (Male) |
| 24:09 | Queue | Villager (Male) |
| 24:10 | Queue | Villager (Male) |
| 24:19 | Build | Palisade Wall |
| 24:55 | Build | Palisade Wall |
| 25:05 | Research | Elite Skirmisher (upgrade) |
| 25:08 | Build | Stone Wall |
Match timeline
| 4:29 | VkA | Nosferatu Zodd · wall_segment Palisade Wall x1 |
| 5:22 | VkA | Nosferatu Zodd · first_building Barracks |
| 6:35 | VkA | Nosferatu Zodd · wall_segment Palisade Wall x1 |
| 6:38 | VkA | Nosferatu Zodd · wall_segment Palisade Wall x1 |
| 7:59 | AoE2 ANGEL · first_building Barracks |
| 8:05 | AoE2 ANGEL · wall_segment Palisade Wall x5 |
| 8:27 | AoE2 ANGEL · age_up feudal |
| 8:49 | AoE2 ANGEL · first_building Stable |
| 10:17 | VkA | Nosferatu Zodd · age_up feudal |
| 10:27 | VkA | Nosferatu Zodd · first_building Archery Range |
| 10:45 | AoE2 ANGEL · wall_segment Palisade Wall x5 |
| 11:53 | AoE2 ANGEL · first_building Archery Range |
| 12:26 | AoE2 ANGEL · wall_segment Palisade Wall x9 |
| 12:53 | VkA | Nosferatu Zodd · wall_segment Palisade Wall x1 |
| 13:11 | VkA | Nosferatu Zodd · wall_segment Palisade Wall x1 |
| 13:13 | VkA | Nosferatu Zodd · wall_segment Palisade Wall x1 |
| 13:14 | VkA | Nosferatu Zodd · wall_segment Palisade Wall x1 |
| 13:14 | VkA | Nosferatu Zodd · wall_segment Palisade Wall x1 |
| 15:28 | VkA | Nosferatu Zodd · wall_segment Palisade Wall x1 |
| 19:19 | VkA | Nosferatu Zodd · wall_segment Palisade Wall x1 |
| 19:21 | VkA | Nosferatu Zodd · wall_segment Palisade Wall x1 |
| 19:21 | VkA | Nosferatu Zodd · wall_segment Palisade Wall x1 |
| 19:22 | VkA | Nosferatu Zodd · wall_segment Palisade Wall x1 |
| 19:23 | VkA | Nosferatu Zodd · wall_segment Palisade Wall x1 |
| 19:23 | VkA | Nosferatu Zodd · wall_segment Palisade Wall x1 |
| 19:31 | VkA | Nosferatu Zodd · wall_segment Palisade Wall x1 |
| 19:51 | VkA | Nosferatu Zodd · wall_segment Palisade Wall x1 |
| 19:52 | VkA | Nosferatu Zodd · wall_segment Palisade Wall x1 |
| 19:54 | VkA | Nosferatu Zodd · wall_segment Palisade Wall x1 |
| 19:56 | VkA | Nosferatu Zodd · wall_segment Palisade Wall x1 |
| 19:58 | VkA | Nosferatu Zodd · wall_segment Palisade Wall x1 |
| 19:59 | VkA | Nosferatu Zodd · wall_segment Palisade Wall x1 |
| 20:00 | VkA | Nosferatu Zodd · wall_segment Palisade Wall x1 |
| 21:43 | VkA | Nosferatu Zodd · age_up castle |
| 22:37 | AoE2 ANGEL · wall_segment Palisade Wall x1 |
| 23:08 | VkA | Nosferatu Zodd · wall_segment Palisade Wall x12 |
| 23:08 | AoE2 ANGEL · wall_segment Stone Wall x1 |
| 23:09 | AoE2 ANGEL · wall_segment Stone Wall x1 |
| 23:37 | AoE2 ANGEL · wall_segment Palisade Wall x1 |
| 23:39 | AoE2 ANGEL · wall_segment Palisade Wall x1 |
| 23:41 | AoE2 ANGEL · wall_segment Palisade Wall x1 |
| 23:42 | AoE2 ANGEL · age_up castle |
| 24:19 | AoE2 ANGEL · wall_segment Palisade Wall x4 |
| 24:55 | AoE2 ANGEL · wall_segment Palisade Wall x10 |
| 25:08 | AoE2 ANGEL · wall_segment Stone Wall x1 |
| 26:13 | VkA | Nosferatu Zodd · wall_segment Palisade Wall x1 |
| 27:56 | VkA | Nosferatu Zodd · first_building Siege Workshop |
| 28:59 | AoE2 ANGEL · first_market_buy 100 stone |
| 29:19 | AoE2 ANGEL · first_building Siege Workshop |
| 34:10 | VkA | Nosferatu Zodd · first_building Castle |
| 37:31 | VkA | Nosferatu Zodd · first_market_buy 500 food |
| 39:32 | AoE2 ANGEL · first_building Castle |
| 41:01 | VkA | Nosferatu Zodd · age_up imperial |
| 41:08 | VkA | Nosferatu Zodd · first_market_sell 100 wood |
| 41:30 | AoE2 ANGEL · first_market_sell 100 stone |
| 42:14 | AoE2 ANGEL · resign |
[ AI ANALYSIS · 1 CREDIT ]
What really happened in this match?
Wolo.gg analyzes every decision: build order, eco, micro, common mistakes by bracket. Personalized analysis on WhatsApp or Discord in 30 seconds.
Civ guide
Japanese
Perfil
Jugador #228403